 Dungeon Sprint DCSS version 0.29-a0-857-g9b1aa3ac5b (webtiles) character file.

Game seed: 7914640574664982433

27535 mhtbhm the End of an Era (level 13, -9/90 HPs)
             Began as a Gargoyle Fighter on July 16, 2022.
             Was the Champion of Qazlal.
             Mangled by an orc warlord
             ... wielding a +2 vorpal battleaxe
              (45 damage)
             ... in the Dungeon (Sprint VII: "The Pits").
             The game lasted 00:12:17 (4332 turns).

mhtbhm the End of an Era (Gargoyle Fighter)         Turns: 4332, Time: 00:12:18

Health: -9/90      AC: 42    Str: 27    XL:     13   Next: 33%
Magic:  23/26      EV:  7    Int: 10    God:    Qazlal [******]
Gold:   37         SH: 16    Dex:  9    Spells: 12/12 levels left

rFire   + . .      SeeInvis .   a - +5 eveningstar
rCold   . . .      Faith    .   c - +0 buckler
rNeg    + . .      Spirit   .   b - +2 crystal plate armour
rPois   ∞          Reflect  .   (no helmet)
rElec   +          Harm     .   s - +0 cloak
rCorr   .          Rampage  .   t - +0 pair of gloves
Will    .....      NoTele   +   (no boots)
Stlth   ..........              (no amulet)
HPRegen 0.25/turn               o - +3 ring of strength
MPRegen 0.20/turn               A - ring of protection from fire

@: protected from physical damage, studying 3 skills, invisible, repel missiles
A: sickness immunity, AC +9, negative energy resistance 1, electricity
resistance, torment resistance 1, petrification resistance
a: Renounce Religion, Upheaval, Elemental Force, Disaster Area


You were in the Dungeon.
You worshipped Qazlal.
Qazlal was exalted by your worship.
You visited 1 branch You collected 37 gold pieces.

Inventory:

Hand Weapons
 a - a +5 eveningstar (weapon)
 G - a +1 morningstar of freezing
Missiles
 n - 4 poisoned darts
Armour
 b - a +2 crystal plate armour (worn)
 c - a +0 buckler (worn)
 s - a +0 cloak (worn)
 t - a +0 pair of gloves (worn)
Jewellery
 o - a +3 ring of strength (left hand)
 A - a ring of protection from fire (right hand)
 C - a ring of positive energy
Wands
 y - a wand of mindburst (4) (quivered)
Scrolls
 j - 2 scrolls of blinking
 l - 5 scrolls of amnesia
 u - 3 scrolls of fog
 v - 2 scrolls of enchant armour
 w - 2 scrolls of enchant weapon
 x - 2 scrolls of identify
 B - a scroll of fear
 D - a scroll of immolation
Potions
 d - 2 potions of might
 e - 8 potions of curing
 f - 6 potions of heal wounds
 g - a potion of haste
 h - 3 potions of magic
 i - 3 potions of berserk rage
 k - a potion of invisibility
 q - 4 potions of brilliance
 r - a potion of mutation
 z - a potion of cancellation
Miscellaneous
 m - a box of beasts
 p - a tin of tremorstones (inert)
 E - a box of beasts
 F - a phial of floods


   Skills:
 + Level 14.2 Fighting
 + Level 16.0 Maces & Flails
 + Level 16.1 Armour
 + Level 5.4 Dodging
 + Level 5.0 Stealth
 + Level 16.8 Shields
 * Level 19.8 Invocations
 + Level 2.0 Evocations


You had 12 spell levels left.
You didn't know any spells.
Your spell library contained the following spells:

 Spells                   Type           Power      Damage    Failure   Level
 Freeze                   Ice            0%         1d3       100%        1
 Frozen Ramparts          Ice            0%         1d2       100%        3
 Portal Projectile        Hex/Tloc       0%         N/A       100%        3
 Summon Forest            Summ/Tloc      0%         N/A       100%        5
 Simulacrum               Ice/Necr       0%         N/A       100%        6
 Ozocubu's Refrigeration  Ice            0%         4d5       100%        7


Dungeon Overview and Level Annotations

Branches:
Dungeon (1/1)

Altars:
Ashenzari
Cheibriados
Dithmenos
Elyvilon
Fedhas
Gozag
Hepliaklqana
Kikubaaqudgha
Makhleb
Nemelex Xobeh
Okawaru
Qazlal
Ru
Sif Muna
Trog
Uskayaw
Vehumet
Wu Jian
Xom
Yredelemnul
Zin
The Shining One
Jiyva
Lugonu


Innate Abilities, Weirdness & Mutations

You are immune to sickness and miasma.
Your stone body is resilient. (AC +9)
You are immune to poison.
You resist negative energy. (rN+)
You are resistant to electric shocks. (rElec)
You are resistant to unholy torment.
You are immune to petrification.


Message History

You block the orc warlord's attack.
Your water elemental hits the orc warlord.
Your water elemental engulfs the orc warlord in water!
Unknown command.
Unknown command.
Unknown command.
You hit the orc warlord.
The orc warlord is lightly wounded.
The orc knight shouts!
The orc warlord is asphyxiated!
Something hits you but does no damage. You block the orc knight's attack.
The orc warlord hits you with a +0 battleaxe!
The orc warlord hits your water elemental with a +0 battleaxe!!
The orc warlord hits your earth elemental with a +0 battleaxe!!
Your earth elemental is destroyed!
Your earth elemental disappears in a puff of smoke!
You block the orc knight's attack.
The orc knight is engulfed in freezing vapours.
The orc warlord hits you but does no damage.
Unknown command.
Unknown command.
You barely miss the orc warlord.
The orc warlord is lightly wounded.
The orc knight shouts!
The merfolk avatar shouts!
The yaktaur captain shouts!
Something hits you.
The naga warrior is engulfed in freezing vapours.
A naga warrior comes into view. It is wielding a +0 morningstar.
Your water elemental hits the orc warlord!
You block the orc knight's attack.
The orc knight is engulfed in freezing vapours.
You block the orc knight's attack.
The orc warlord hits your water elemental with a +0 battleaxe!!!
Your water elemental is destroyed!
Your water elemental disappears in a puff of smoke!
You block the orc warlord's attack. Something hits you but does no damage.
The orc knight is engulfed in freezing vapours.
The orc knight hits you with a +1 dire flail!
The orc warlord hits you with a +2 vorpal battleaxe!!!
Ouch! That really hurt!
You die...

.+ '#
)###############################+
))...................†...........
.....................).......)...
.##############''##############..
.# #....§§..# #.. .# #...o.o§.#
#.. .# ####o@#### #.. .#
#oc☼oo{o.# #.. .#


..N.mooooN..N.. #.. ..#........#... #.. # ####..#### ## #.. #### #..
############ You could see 2 orc warlords, a merfolk avatar (wandering, unable
to see you), 3 naga warriors, a yaktaur captain (unable to see you) and 9 orc
knights.

Vanquished Creatures
  A nagaraja (D)
  An eidolon (D)
  An ettin (D)
  A great orb of eyes (D)
  A spriggan air mage (D)
  A death yak (D)
  An orc high priest (D)
  Urug (D)
  A deep elf knight (D)
  A shadow wraith (D)
  A fire crab (shapeshifter) (D)
  A spriggan druid (D)
  A sea snake (D)
  A swamp dragon (D)
  A deep elf archer (D)
  A flayed ghost (D)
  A bog body (D)
  A harpy (D)
  A phantasmal warrior (D)
  An orc knight (D)
  A deep elf pyromancer (D)
  2 deep elf zephyrmancers (D)
  A manticore (D)
  An elephant (D)
  4 molten gargoyles (D)
  An orange demon (D)
  A gargoyle (D)
  A naga mage (D)
  2 unseen horrors (D)
  2 efreet (D)
  A rime drake (D)
  A yaktaur (D)
  A red devil (D)
  A guardian mummy (D)
  4 trolls (D)
  2 tarantellas (D)
  A wind drake (D)
  3 dream sheep (D)
  A snapping turtle (D)
  An air elemental (D)
  A water elemental (D)
  A ynoxinul (D)
  A golden eye (shapeshifter) (D)
  2 redbacks (D)
  2 wargs (D)
  4 nagas (D)
  3 hell hounds (D)
  An acid dragon (D)
  4 orc warriors (D)
  A sky beast (D)
  2 ogres (D)
  A centaur (D)
  A phantom (D)
  A kobold brigand (D)
  A bullfrog (D)
  2 scorpions (D)
  3 wights (D)
  A crimson imp (D)
  A jelly (D)
  A gnoll bouda (D)
  4 orc priests (D)
  An orc wizard (D)
  A mummy (D)
  An adder (D)
  3 gnolls (D)
  2 ufetubi (D)
  An adder zombie (D)
  11 orcs (D)
  A bat skeleton (D)
  A giant cockroach (D)
  A ball python (D)
  2 ball python skeletons (D)
  A frilled lizard (D)
  2 goblins (D)
  A rat (D)
119 creatures vanquished.

Vanquished Creatures (collateral kills)
  A ghost moth (D)
  A hydra (D)
  A spriggan (D)
  An orc knight (D)
  A lindwurm (D)
  A wolf spider (D)
  A rust devil (D)
  A cane toad (D)
  A guardian mummy (D)
  A hornet (D)
  A tarantella (D)
  An orc warrior (D)
  An ogre (D)
  A crimson imp (D)
  A rat (D)
15 creatures vanquished.

Vanquished Creatures (others)
  A deep elf knight (D)
  An orc wizard (D)
  2 orcs (D)
4 creatures vanquished.

Grand Total: 138 creatures vanquished

Notes
Turn   | Place    | Note
-------+----------+-------------------------------------------
     0 | D        | mhtbhm the Gargoyle Fighter began the quest for the Orb.
     0 | D        | Reached XP level 1. HP: 14/14 MP: 1/1
    18 | D        | Found a bloodstained altar of Trog.
    18 | D        | Found a shimmering blue altar of Sif Muna.
    18 | D        | Found a viscous altar of Jiyva.
    18 | D        | Found a hazy altar of Hepliaklqana.
    18 | D        | Found an opulent altar of Gozag.
    19 | D        | Found a glowing golden altar of the Shining One.
    19 | D        | Found a glowing silver altar of Zin.
    19 | D        | Found a basalt altar of Yredelemnul.
    19 | D        | Found a shimmering altar of Xom.
    19 | D        | Found an ornate altar of the Wu Jian Council.
    19 | D        | Found a sacrificial altar of Ru.
    19 | D        | Found a stormy altar of Qazlal.
    19 | D        | Found an iron altar of Okawaru.
    19 | D        | Found a sparkling altar of Nemelex Xobeh.
    19 | D        | Found a burning altar of Makhleb.
    19 | D        | Found a blossoming altar of Fedhas.
    19 | D        | Found a white marble altar of Elyvilon.
    19 | D        | Found a shadowy altar of Dithmenos.
    19 | D        | Found a snail-covered altar of Cheibriados.
    21 | D        | Found a radiant altar of Vehumet.
    21 | D        | Found a corrupted altar of Lugonu.
    22 | D        | Found a hide-covered altar of Uskayaw.
    22 | D        | Found an ancient bone altar of Kikubaaqudgha.
    22 | D        | Found a broken altar of Ashenzari.
    30 | D        | Became a worshipper of Qazlal Stormbringer
    83 | D        | Reached skill level 1 in Invocations
    85 | D        | Reached XP level 2. HP: 10/20 MP: 2/2
   243 | D        | Reached * piety under Qazlal
   254 | D        | Noticed a crimson imp
   262 | D        | Reached skill level 2 in Invocations
   268 | D        | Killed a crimson imp
   268 | D        | Reached ** piety under Qazlal
   269 | D        | Reached skill level 5 in Fighting
   269 | D        | Reached skill level 5 in Armour
   269 | D        | Reached skill level 3 in Invocations
   269 | D        | Reached XP level 3. HP: 23/26 MP: 2/5
   405 | D        | Noticed a scorpion
   413 | D        | Killed a scorpion
   414 | D        | Reached skill level 5 in Shields
   414 | D        | Reached skill level 4 in Invocations
   414 | D        | Reached XP level 4. HP: 28/32 MP: 5/7
   449 | D        | Noticed a kobold brigand
   449 | D        | Noticed a bullfrog
   467 | D        | Killed a kobold brigand
   467 | D        | Reached *** piety under Qazlal
   468 | D        | Reached skill level 5 in Maces & Flails
   468 | D        | Reached skill level 1 in Dodging
   468 | D        | Reached skill level 5 in Invocations
   468 | D        | Reached XP level 5. HP: 35/37 MP: 8/8
   473 | D        | Reached XP level 6. HP: 42/44 MP: 8/10
   485 | D        | Noticed a warg
   498 | D        | Killed a warg
   498 | D        | Reached **** piety under Qazlal
   499 | D        | Reached skill level 6 in Invocations
   626 | D        | Noticed a sky beast
   646 | D        | Killed a sky beast
   647 | D        | Reached XP level 7. HP: 33/49 MP: 10/12
   762 | D        | Reached skill level 7 in Invocations
   923 | D        | Noticed a swamp dragon
   960 | D        | Killed a swamp dragon
   961 | D        | Reached skill level 8 in Invocations
   961 | D        | Reached XP level 8. HP: 50/56 MP: 12/14
  1092 | D        | Reached ***** piety under Qazlal
  1152 | D        | Noticed a gargoyle
  1178 | D        | Killed a gargoyle
  1179 | D        | Reached skill level 10 in Maces & Flails
  1179 | D        | Reached skill level 9 in Invocations
  1427 | D        | Noticed a flayed ghost
  1437 | D        | Killed a flayed ghost
  1438 | D        | Reached skill level 10 in Fighting
  1438 | D        | Reached skill level 10 in Armour
  1438 | D        | Reached XP level 9. HP: 52/62 MP: 14/16
  1464 | D        | Killed an unseen horror
  1465 | D        | Reached skill level 10 in Invocations
  1676 | D        | Noticed a deep elf zephyrmancer
  1697 | D        | Reached ****** piety under Qazlal
  1703 | D        | Reached skill level 10 in Shields
  1707 | D        | Killed a deep elf zephyrmancer
  1890 | D        | Noticed a rime drake
  1904 | D        | Noticed a tarantella
  1908 | D        | Killed a rime drake
  1909 | D        | Reached skill level 11 in Invocations
  1909 | D        | Reached XP level 10. HP: 20/68 MP: 18/18
  1909 | D        | Noticed a phantasmal warrior
  1926 | D        | Killed a phantasmal warrior
  2115 | D        | Noticed an orc high priest
  2142 | D        | Noticed an orange demon
  2166 | D        | Noticed a soul eater
  2167 | D        | Noticed a sun demon
  2167 | D        | Killed an orc high priest
  2168 | D        | Reached skill level 12 in Invocations
  2435 | D        | Noticed a molten gargoyle
  2435 | D        | Paralysed by an air elemental for 1 turns
  2440 | D        | Paralysed by an air elemental for 1 turns
  2454 | D        | Paralysed by an air elemental for 1 turns
  2460 | D        | Killed a molten gargoyle
  2461 | D        | Paralysed by an air elemental for 1 turns
  2469 | D        | Noticed a cane toad
  2473 | D        | Paralysed by an air elemental for 1 turns
  2478 | D        | Killed a cane toad
  2479 | D        | Reached XP level 11. HP: 16/76 MP: 15/20
  2758 | D        | Noticed a lindwurm
  2768 | D        | Killed a lindwurm
  3117 | D        | Noticed Urug
  3117 | D        | Noticed a death yak
  3118 | D        | Noticed a nagaraja
  3126 | D        | Reached skill level 13 in Invocations
  3137 | D        | Killed a death yak
  3137 | D        | Killed Urug
  3138 | D        | Reached skill level 1 in Stealth
  3138 | D        | Reached skill level 14 in Invocations
  3139 | D        | Killed a nagaraja
  3452 | D        | Noticed a spriggan air mage
  3452 | D        | Noticed a fire crab
  3452 | D        | Noticed an ettin
  3452 | D        | Noticed a great orb of eyes
  3452 | D        | Noticed an eidolon
  3455 | D        | Killed a spriggan air mage
  3456 | D        | Reached skill level 15 in Invocations
  3461 | D        | Killed an ettin
  3466 | D        | Killed a fire crab
  3467 | D        | Reached skill level 5 in Dodging
  3472 | D        | Reached XP level 12. HP: 58/82 MP: 21/23
  3478 | D        | Killed a great orb of eyes
  3483 | D        | Killed an eidolon
  3484 | D        | Reached skill level 16 in Invocations
  3508 | D        | Got the Book of the Jaunt and the Chill
  3718 | D        | Found the +3 hat of Pondering {ponderous, Will+ MP+10
                  | Int+5}
  3718 | D        | Noticed a deep elf knight
  3718 | D        | Noticed a deep elf knight
  3721 | D        | Killed a deep elf knight
  3721 | D        | Killed a deep elf knight
  3722 | D        | Reached skill level 15 in Armour
  3722 | D        | Reached skill level 15 in Shields
  3722 | D        | Reached skill level 17 in Invocations
  3722 | D        | Noticed a four-headed hydra
  3727 | D        | Killed a ghost moth
  3730 | D        | Killed a four-headed hydra
  3741 | D        | Reached skill level 15 in Maces & Flails
  3741 | D        | Reached skill level 18 in Invocations
  3749 | D        | Reached XP level 13. HP: 58/89 MP: 2/26
  3753 | D        | Reached skill level 19 in Invocations
  3983 | D        | Got Oladgh's Discourse on the Chill
  4055 | D        | Reached skill level 1 in Evocations
  4315 | D        | Noticed an orc warlord
  4315 | D        | Noticed an orc warlord
  4321 | D        | Noticed a yaktaur captain
  4327 | D        | Reached skill level 5 in Stealth
  4332 | D        | Mangled by an orc warlord

Illustrated notes

Levels and vault maps discovered:
D:        pitsprint [storerooms_1, entrance_room_1, metal_vault_3, armoury_2,
          mini_pit_1, grid_room_1, main_hall_1, silver_pit, the_coven_3,
          the_vestibule_1, steel_vault_2, golden_pit, hallway_of_sentries,
          crystal_vault_1, iron_vault_4, final_vault]

Skill      XL: |  1  2  3  4  5  6  7  8  9 10 11 12 13 |
---------------+----------------------------------------+-----
Fighting       | 4 5 6 7 8 9 10 12 13 14 | 14.2
Invocations    | 1 3 4 5 6 8 9 11 12 15 18 19 | 19.8
Armour         | 5 6 7 8 10 11 12 14 15 16 | 16.1
Shields        | 4 5 6 8 9 10 12 14 16 | 16.8
Maces & Flails | 3 4 5 7 9 10 12 13 14 15 16 | 16.0
Dodging        | 1 2 3 5 |  5.4
Stealth        | 2 4 5 |  5.0
Evocations     | 2 |  2.0

Action                   |  1- 3 |  4- 6 |  7- 9 | 10-12 | 13-15 || total
-------------------------+-------+-------+-------+-------+-------++-------
Melee: Mace              |    34 |    51 |   149 |   161 |       ||   395
       Flail             |     1 |       |       |       |       ||     1
       Eveningstar       |       |       |       |    41 |    72 ||   113
Invok: Upheaval          |       |       |     2 |     4 |     1 ||     7
       Elemental Force   |       |       |       |     6 |     1 ||     7
       Disaster Area     |       |       |       |     4 |       ||     4
Evoke: Wand              |       |       |       |       |     7 ||     7
       Tin of tremorston |       |       |       |       |     4 ||     4
       Box of beasts     |       |       |       |       |     1 ||     1
       Phial of floods   |       |       |       |       |     1 ||     1
  Use: Potion            |       |       |     5 |     9 |     1 ||    15
       Scroll            |       |       |       |       |     2 ||     2
 Stab: Paralysed         |       |       |       |     1 |       ||     1
       Distracted        |       |       |       |     1 |     1 ||     2
       Invisible         |       |       |       |       |     1 ||     1
Armor: Scale mail        |    18 |       |       |       |       ||    18
       Plate armour      |       |    32 |    50 |       |       ||    82
       Chain mail        |       |       |    43 |   106 |       ||   149
       Crystal plate arm |       |       |       |    17 |    88 ||   105
Dodge: Dodged            |    28 |     9 |    25 |    60 |    20 ||   142
       Repelled          |       |       |     3 |       |       ||     3
Block: Buckler           |    13 |    15 |    81 |   144 |    66 ||   319

Table legend: (Time is in decaauts)
 A = Elapsed time spent in this place.
 B = Non-inter-level travel time spent in this place.
 C = Inter-level travel time spent in this place.
 D = Time resting spent in this place.
 E = Time spent auto-exploring this place.
 F = Levels seen in this place.
 G = Mean time per level.
                   A        B        C        D        E       F      G
               +--------+--------+--------+--------+--------+-----+--------+
         Total |   4294 |   4294 |      0 |   2710 |    134 |   1 | 4294.0 |
       Dungeon |   4294 |   4294 |      0 |   2710 |    134 |   1 | 4294.0 |
               +--------+--------+--------+--------+--------+-----+--------+

Top non-repeatable levels by time:
       D: 4294 daAuts
